 Dungeon Crawl Stone Soup version 0.26-a0-597-gb535b0901c (webtiles) character file.

Game seed: 531545840561933855

39 Lanoc the Conjurer (level 3, -4/26 HPs)
             Began as a Ghoul Conjurer on Sept 8, 2020.
             Was an Initiate of Ashenzari.
             Slain by an orc
             ... wielding a +0 flail
              (9 damage)
             ... on level 2 of the Dungeon.
             The game lasted 00:01:44 (1078 turns).

Lanoc the Conjurer (Ghoul Conjurer)                 Turns: 1078, Time: 00:01:45

Health: -4/26      AC:  2    Str: 10    XL:     3   Next: 47%
Magic:  0/4        EV: 12    Int: 14    God:    Ashenzari [......]
Gold:   13         SH:  0    Dex:  7    Spells: 2/5 levels left

rFire    . . .     SeeInvis .   (no weapon)
rCold    + . .     Faith    .   (no shield)
rNeg     + + +     Spirit   .   a - +0 robe
rPois    ∞         Reflect  .   (no helmet)
rElec    .         Harm     .   (no cloak)
rCorr    .                      (no gloves)
MR       .....                  (no boots)
Stlth    ++........             (no amulet)
HPRegen  0.00/turn              (no ring)
MPRegen  0.09/turn              (no ring)

@: no status effects
A: rotting body, claws 1, cold resistance 1, negative energy resistance 3,
inhibited regeneration, torment resistance, unbreathing
a: Curse Item, Renounce Religion


You were on level 2 of the Dungeon.
You worshipped Ashenzari.
Ashenzari was noncommittal.
You visited 1 branch of the dungeon, and saw 3 of its levels.

You collected 13 gold pieces.

Inventory:

Armour
 a - a +0 robe (worn)
Scrolls
 b - a scroll of noise {unknown}
 c - a scroll of teleportation {unknown}
Potions
 d - a potion of degeneration {unknown}
 e - a potion of flight {unknown}


   Skills:
 + Level 2.3 Dodging
 - Level 2.1 Stealth
 - Level 1.7 Spellcasting
 * Level 4.0 Conjurations


You had 2 spell levels left.
You knew the following spells:

 Your Spells              Type           Power        Failure   Level
a - Magic Dart            Conj           ##..         4%          1
b - Searing Ray           Conj           ##....       7%          2

Your spell library contained the following spells:

 Spells                   Type           Power        Failure   Level
 Dazzling Flash           Conj/Hex       #.....       32%         3
 Fulminant Prism          Conj/Hex       #.........   71%         4
 Iskenderun's Mystic Bla  Conj/Tloc      #.......     71%         4


Dungeon Overview and Level Annotations

Branches:
Dungeon (3/15)

Altars:
Ashenzari


Innate Abilities, Weirdness & Mutations

Your body is rotting away.
You thrive by killing the living.
You are immune to poison.
You have sharp fingernails.
Your flesh is cold resistant. (rC+)
You are immune to negative energy. (rN+++)
You do not regenerate when monsters are visible.
You are immune to unholy pain and torment.
You can survive without breathing.


Message History

The orc barely misses you.
You closely miss the orc.
The orc is heavily wounded.
The orc hits you with a +0 flail.
You scratch the orc.
The orc is severely wounded.
You barely miss the orc.
The orc is severely wounded.
The orc closely misses you.
You closely miss the orc.
The orc is severely wounded.
The orc barely misses you.
You scratch the orc.
The orc is almost dead.
The orc hits you with a +0 flail.
* * * LOW HITPOINT WARNING * * *
You barely miss the orc.
The orc is almost dead.
The orc hits you with a +0 flail!
You die...

#..# #.# ##.###.#
#..##.# ###########.##.#
#........##..#.#
#...........†#.#
###.........†..†.#
.................#######
...#...###.....†@o.....#
...#...# #.....###...#.#
...#...# #.....# ...#
...#...# #...(.# ..#
...#...# #.....# ..#
...#...# #.....# .#
...#...# #.....# .# +###
#######


You could see an orc.

Vanquished Creatures
  An adder (D:2)
  2 dart slugs
  2 bats (D:2)
  A giant cockroach (D:2)
  6 goblins
  A hobgoblin (D:2)
  6 jackals (D:1)
  A kobold (D:2)
  A ball python (D:1)
  A frilled lizard (D:1)
  A rat (D:2)
23 creatures vanquished.

Notes
Turn   | Place    | Note
-------+----------+-------------------------------------------
     0 | D:1      | Lanoc the Ghoul Conjurer began the quest for the Orb.
     0 | D:1      | Reached XP level 1. HP: 14/14 MP: 2/2
    42 | D:1      | Found a shattered altar of Ashenzari.
    81 | D:1      | Became a worshipper of Ashenzari the Shackled
   276 | D:1      | Reached XP level 2. HP: 20/20 MP: 0/3
   643 | D:1      | Learned a level 2 spell: Searing Ray
   744 | D:2      | Reached XP level 3. HP: 9/26 MP: 0/4
   981 | D:2      | Reached skill level 4 in Conjurations
  1078 | D:2      | Slain by an orc

Illustrated notes

Levels and vault maps discovered:
D:1:      matt_arrival_grand_opening, layout_basic, evilmike_ruin_ashenzari
D:2:      layout_basic, uniq_robin
D:3:      layout_rooms, nicolae_gozag_seed_capital, uniq_jessica

Skill      XL: |  1  2  3 |
---------------+----------+-----
Dodging        | 2 |  2.3
Conjurations   | 4 |  4.0
Stealth        | |  2.1
Spellcasting   | |  1.7

Action                   || total
-------------------------++-------
Melee: Unarmed           ||    61
 Cast: Magic Dart        ||    30
       Searing Ray       ||     1
 Stab: Sleeping          ||     1
Armor: Robe              ||    11
Dodge: Dodged            ||    46

Table legend: (Time is in decaauts)
 A = Elapsed time spent in this place.
 B = Non-inter-level travel time spent in this place.
 C = Inter-level travel time spent in this place.
 D = Time resting spent in this place.
 E = Time spent auto-exploring this place.
 F = Levels seen in this place.
 G = Mean time per level.
                   A        B        C        D        E       F      G
               +--------+--------+--------+--------+--------+-----+--------+
         Total |   1078 |   1061 |     17 |      0 |    895 |   3 |  359.3 |
       Dungeon |   1078 |   1061 |     17 |      0 |    895 |   3 |  359.3 |
               +--------+--------+--------+--------+--------+-----+--------+

Top non-repeatable levels by time:
     D:1: 697 daAuts
     D:2: 378 daAuts
     D:3: 2 daAuts
